 Dungeon Crawl Stone Soup version 0.31-a0-986-g5e6e4ef867 (webtiles) character file.

Game seed: 7309878811494916095

122 Demosthentine the Poker (level 4, -4/35 HPs)
             Began as a Demonspawn Gladiator on Nov 7, 2023.
             Slain by a gnoll
             ... wielding a +0 whip
              (6 damage)
             ... on level 4 of the Dungeon.
             The game lasted 00:02:24 (2100 turns).

Demosthentine the Poker (Demonspawn Gladiator)      Turns: 2100, Time: 00:02:25

Health: -4/35      AC:  4    Str: 16    XL:     4   Next: 78%
Magic:  4/4        EV: 12    Int: 10    God:
Gold:   116        SH:  0    Dex: 14    Spells: 3/3 levels left

rFire   . . .        a - +1 trident
rCold   . . .        (no shield)
rNeg    . . .        b - +0 leather armour
rPois   .            c - +0 helmet
rElec   .            (no cloak)
rCorr   .            (no gloves)
SInv    .            (no boots)
Will    .....        i - amulet of the acrobat
Stlth   +            (no ring)
HPRegen 0.25/turn    (no ring)
MPRegen 0.09/turn

%: acrobat
@: no status effects
A: powered by death 1, spiny 1
a: no special abilities


You were on level 4 of the Dungeon.
You visited 1 branch of the dungeon, and saw 4 of its levels.

You collected 116 gold pieces.

Inventory:

Hand Weapons
 a - a +1 trident (weapon)
Missiles
 d - 4 throwing nets (quivered)
 e - a javelin
Armour
 b - a +0 leather armour (worn)
 c - a +0 helmet (worn)
Jewellery
 i - an amulet of the acrobat (around neck)
Scrolls
 j - 2 scrolls of poison
Potions
 f - a potion of heal wounds
 k - 2 potions of curing
 l - a potion of magic
 n - a potion of attraction {unknown}


   Skills:
 + Level 3.0 Fighting
 + Level 3.4 Polearms
 - Level 1.7 Throwing
 + Level 1.9 Armour
 + Level 3.3 Dodging


You had 3 spell levels left.
You didn't know any spells.
Your spell library was empty.

Dungeon Overview and Level Annotations

Branches:
Dungeon (4/15)
 Temple: D:4-7

Altars:
Wu Jian


Innate Abilities, Weirdness & Mutations

You regenerate a little health from kills.
You are partially covered in sharp spines.


Message History

Your life force feels restored.
Your Fighting skill increases to level 3!
There are monsters nearby!
You barely miss the gnoll. The adder barely misses you. x2
The gnoll is struck by your spines. The gnoll barely misses you.
The gnoll is struck by your spines. The gnoll hits you with a +0 whip.
Unknown command.
You barely miss the gnoll.
The gnoll is moderately wounded.
The adder barely misses you. The gnoll barely misses you.
A jelly comes into view.
The gnoll misses you.
The jelly quivers.
You hit the gnoll but do no damage.
The gnoll is moderately wounded.
The adder is struck by your spines. The adder bites you but does no damage.
The adder barely misses you. The gnoll is struck by your spines.
The gnoll closely misses you. The gnoll completely misses you.
You hit the gnoll.
The gnoll is severely wounded.
The adder bites you but does no damage. The gnoll is struck by your spines.
The gnoll hits you with a +0 whip.
The gnoll hits you with a +2 flail of protection.
Unknown command.
Unknown command.
You are too injured to fight recklessly!
Unknown command.
You are too injured to fight recklessly!
Unknown command.
You are too injured to fight recklessly!
Unknown command.
You are too injured to fight recklessly!
Unknown command.
You hit the gnoll.
The gnoll is almost dead.
The adder closely misses you.
The gnoll hits you with a +2 flail of protection!
* * * LOW HITPOINT WARNING * * *
The gnoll hits you with a +0 whip.
You die...

## ....... ..##
≈........ #?...
≈......... #.J≈
≈.........
##!..!##........#
......#.........#
#...JggS.......#
#@.†......#
#..........
#...(...... ≈
##......... ≈.
##..?.......
#.##..........~
#............~.
#.............~
#.............~


You could see a jelly, 2 gnolls, an adder and an endoplasm.

Vanquished Creatures
  Jessica (D:3)
  A gnoll (D:4)
  An adder (D:3)
  A worm (D:3)
  2 dart slugs (D:3)
  5 ball pythons
  5 endoplasms
  3 giant cockroaches
  5 goblins
  5 hobgoblins
  6 jackals
  6 kobolds
  4 quokkas
  9 bats
  5 frilled lizards
  7 rats
66 creatures vanquished.

Notes
Turn   | Place    | Note
-------+----------+-------------------------------------------
     0 | D:1      | Demosthentine the Demonspawn Gladiator began the quest for
                  | the Orb.
     0 | D:1      | Reached XP level 1. HP: 16/16 MP: 1/1
   165 | D:1      | Gained mutation: You regenerate a little health from kills.
                  | [demonic ancestry]
   165 | D:1      | Reached XP level 2. HP: 22/22 MP: 2/2
   550 | D:1      | Reached skill level 1 in Armour
   915 | D:2      | Found a faded altar of an unknown god.
   953 | D:2      | Reached XP level 3. HP: 28/28 MP: 3/3
  1585 | D:3      | Gained mutation: You are partially covered in sharp spines.
                  | [demonic ancestry]
  1585 | D:3      | Reached XP level 4. HP: 34/34 MP: 4/4
  1946 | D:3      | Noticed Jessica
  1953 | D:3      | Killed Jessica
  2053 | D:3      | Found an ornate altar of the Wu Jian Council.
  2089 | D:4      | Noticed a scorpion
  2100 | D:4      | Slain by a gnoll

Illustrated notes

Levels and vault maps discovered:
D:1:      psy_arrival_dodecagon, layout_loops_corners, minmay_shallow_snake_nest
D:2:      layout_rooms, nicolae_ecumenical_oubliette
D:3:      layout_basic, lemuel_tele_altar, minivault_24, uniq_jessica
D:4:      cheibrodos_greedy_goblins, layout_rooms,
          minmay_temple_entry_gardened_gates, serial_rivers,
          chequers_serial_rivers_small_a, chequers_serial_rivers_micro_a,
          chequers_serial_rivers_small_3, chequers_serial_rivers_micro_d,
          chequers_serial_rivers_micro_e, serial_shops,
          nicolae_shop_pleasant_corner_grove

Skill      XL: |  1  2  3  4 |
---------------+-------------+-----
Armour         | 1 |  1.9
Polearms       | 3 |  3.4
Dodging        | 3 |  3.3
Fighting       | 3 |  3.0
Throwing       | |  1.7

Action                     |  1- 3 |  4- 6 || total
---------------------------+-------+-------++-------
  Melee: Trident           |   160 |    38 ||   198
    Use: Scroll            |     7 |     2 ||     9
   Stab: Sleeping          |     2 |     1 ||     3
 Armour: Leather armour    |    84 |    16 ||   100
  Dodge: Dodged            |   107 |    25 ||   132

Table legend: (Time is in decaauts)
 A = Elapsed time spent in this place.
 B = Non-inter-level travel time spent in this place.
 C = Inter-level travel time spent in this place.
 D = Time resting spent in this place.
 E = Time spent auto-exploring this place.
 F = Levels seen in this place.
 G = Mean time per level.
                   A        B        C        D        E       F      G
               +--------+--------+--------+--------+--------+-----+--------+
         Total |   2128 |   2032 |     96 |      0 |   1606 |   4 |  532.0 |
       Dungeon |   2128 |   2032 |     96 |      0 |   1606 |   4 |  532.0 |
               +--------+--------+--------+--------+--------+-----+--------+

Top non-repeatable levels by time:
     D:1: 950 daAuts
     D:3: 612 daAuts
     D:2: 540 daAuts
     D:4: 25 daAuts
